 Dungeon Sprint DCSS version 0.29-a0-323-g050149af67 (webtiles) character file.

Game seed: 3831128769021676200

5114 mhtbhm the Impaler (level 10, -4/92 HPs)
             Began as a Merfolk Berserker on Apr 10, 2022.
             Was a High Priest of Trog.
             Slain by a spriggan rider
             ... wielding a +0 spear
              (29 damage)
             ... in the Dungeon (Sprint IV: "Fedhas' Mad Dash").
             The game lasted 00:03:25 (2182 turns).

mhtbhm the Impaler (Merfolk Berserker)              Turns: 2182, Time: 00:03:26

Health: -4/92      AC:  3    Str: 23    XL:     10   Next: 58%
Magic:  10/10      EV: 16    Int:  6    God:    Trog [*****.]
Gold:   205        SH:  0    Dex: 13    Spells: 9/9 levels left

rFire   . . .      SeeInvis .   a - +5 halberd (flame)
rCold   . . .      Faith    .   (shield currently unavailable)
rNeg    . . .      Spirit   .   b - +0 animal skin
rPois   .          Reflect  .   (no helmet)
rElec   .          Harm     .   (no cloak)
rCorr   .          Rampage  .   (no gloves)
Will    .....      NoTele   +   p - +0 pair of boots
Stlth   ++++++....              k - amulet of invisibility {+Inv}
HPRegen 0.25/turn               (no ring)
MPRegen 0.12/turn               (no ring)

@: on berserk cooldown, slowed, very slow
A: (nimble swimmer 2), mertail
a: Renounce Religion, Evoke Invisibility, Berserk, Trog's Hand, Brothers in Arms


You were in the Dungeon.
You worshipped Trog.
Trog was extremely pleased with you.
You visited 1 branch You collected 205 gold pieces.

Inventory:

Hand Weapons
 a - a +5 halberd of flaming (weapon)
Armour
 b - a +0 animal skin (worn)
 p - a +0 pair of boots (worn)
Jewellery
 k - the amulet of invisibility (around neck) {+Inv}
   (You found it in the Dungeon)

   [amulet of nothing]

   +Inv:      It lets you turn invisible.
Scrolls
 i - a scroll of amnesia {unknown}
 j - 2 scrolls of identify {unknown}
 o - a scroll of acquirement {unknown}
Potions
 c - 2 potions of curing
 e - a potion of haste
 f - 2 potions of magic
 g - a potion of berserk rage
 l - a potion of cancellation {unknown}
 n - a potion of mutation {unknown}
Miscellaneous
 m - a condenser vane


   Skills:
 + Level 13.6 Fighting
 + Level 18.4 Polearms
 + Level 3.8 Armour
 + Level 9.0 Dodging
 + Level 14.6 Stealth
 + Level 7.0 Evocations


You had 9 spell levels left.
You didn't know any spells.
Your spell library was empty.

Dungeon Overview and Level Annotations

Branches:
Dungeon (1/1)

Altars:
Cheibriados
Dithmenos
Elyvilon
Gozag
Hepliaklqana
Kikubaaqudgha
Makhleb
Nemelex Xobeh
Okawaru
Qazlal
Ru
Sif Muna
Trog
Uskayaw
Vehumet
Wu Jian
Xom
Yredelemnul
Zin
The Shining One
Beogh
Jiyva
Lugonu

Shops:
D ?*!(


Innate Abilities, Weirdness & Mutations

((You are very nimble when in or above water. (Stealth+, EV+, Speed+++)))
Your lower body shifts to a powerful aquatic tail in water.


Message History

The spriggan is severely wounded.
You puncture the spriggan! You burn the spriggan.
You kill the spriggan!
Trog accepts your kill.
Unknown command.
You see here a book of Lightning.
You slam the door shut with a bang, pushing everything out of the way!
You feel a strong urge to attack something.
You start resting.
You feel your anger nearly subside.
You are no longer berserk.
You are exhausted.
You feel yourself slow down.
You start resting.
A spriggan rider opens the door.
It is wielding a +0 spear.
A spriggan rider is nearby!
A spriggan rider is nearby!
Blink to where?
Press: ? - help, Dir - move target
As you read the scroll of blinking, it crumbles to dust.
You close the door.
You start resting.
A spriggan rider is nearby!
A spriggan rider is nearby!
A spriggan rider is nearby!
Your cyclops goes berserk!
The spriggan rider closely misses you. The spriggan rider barely misses you.
Unknown command.
Your cyclops hits the spriggan rider!
The spriggan rider completely misses you.
There is an open door here.
You closely miss the spriggan rider.
The spriggan rider is lightly wounded.
Your cyclops barely misses the spriggan rider.
The spriggan rider hits you with a +0 spear.
* * * LOW HITPOINT WARNING * * *
You closely miss the spriggan rider.
The spriggan rider is lightly wounded.
Your cyclops closely misses the spriggan rider.
The spriggan rider hits you with a +0 spear!!
You die...

#############################
.⌠._._._._.⌠.#..)...#....##∩#
.._._._._._..'..#...#....').#
..._._._._...#..###'##†..##∩#
.._._._._._..#..##∩∩.'...####
._._._._._.⌠.############# #..
##################......###.....
♣♣♣♣♣..♣.###.'..@i.)..(:'i'...♣
.....♣..♣##:.#..#CP....†#######
..♣♣♣.♣).###.##+##.P....#
♣♣..♣...♣'...# ########
#############


You could see a spriggan rider (ally target) and a friendly cyclops (summoned,
berserk).

Vanquished Creatures
  A spriggan druid (D)
  6 oklob plants (D)
  A demonic crawler (D)
  3 burning bushes (D)
  3 wandering mushrooms (D)
  A queen bee (D)
  3 scorpions (D)
  4 killer bees (D)
  5 oklob saplings (D)
  4 spriggans (D)
  A river rat (D)
  A rat (D)
  A ballistomycete spore (D)
34 creatures vanquished.

Notes
Turn   | Place    | Note
-------+----------+-------------------------------------------
     0 | D        | mhtbhm the Merfolk Berserker began the quest for the Orb.
     0 | D        | Reached XP level 1. HP: 18/18 MP: 1/1
    11 | D        | Reached skill level 5 in Polearms
    11 | D        | Reached XP level 2. HP: 25/25 MP: 2/2
    63 | D        | Noticed an oklob sapling
    65 | D        | Killed an oklob sapling
    65 | D        | Reached ** piety under Trog
    66 | D        | Reached skill level 5 in Fighting
    66 | D        | Reached skill level 6 in Polearms
    66 | D        | Reached XP level 3. HP: 33/33 MP: 3/3
   160 | D        | Noticed a scorpion
   160 | D        | Found the amulet of invisibility {+Inv}
   176 | D        | Killed a scorpion
   177 | D        | Reached skill level 8 in Polearms
   177 | D        | Reached XP level 4. HP: 12/41 MP: 4/4
   634 | D        | Found an opulent altar of Gozag.
   634 | D        | Found a hazy altar of Hepliaklqana.
   634 | D        | Found a burning altar of Makhleb.
   634 | D        | Found a sparkling altar of Nemelex Xobeh.
   634 | D        | Found a snail-covered altar of Cheibriados.
   634 | D        | Found a sacrificial altar of Ru.
   634 | D        | Found a shimmering blue altar of Sif Muna.
   634 | D        | Found a shimmering altar of Xom.
   634 | D        | Found a basalt altar of Yredelemnul.
   635 | D        | Found a viscous altar of Jiyva.
   635 | D        | Found a bloodstained altar of Trog.
   635 | D        | Found an ornate altar of the Wu Jian Council.
   635 | D        | Noticed an oklob sapling priest
   636 | D        | Found an iron altar of Okawaru.
   636 | D        | Found a shadowy altar of Dithmenos.
   636 | D        | Found a glowing silver altar of Zin.
   637 | D        | Found an ancient bone altar of Kikubaaqudgha.
   637 | D        | Found a hide-covered altar of Uskayaw.
   638 | D        | Found a stormy altar of Qazlal.
   638 | D        | Found a white marble altar of Elyvilon.
   638 | D        | Found a glowing golden altar of the Shining One.
   639 | D        | Found a corrupted altar of Lugonu.
   639 | D        | Found a radiant altar of Vehumet.
   664 | D        | Killed an oklob sapling priest
   665 | D        | Reached skill level 9 in Polearms
   665 | D        | Reached skill level 5 in Dodging
   665 | D        | Reached skill level 1 in Stealth
   665 | D        | Reached XP level 5. HP: 35/48 MP: 5/5
   937 | D        | Reached skill level 10 in Polearms
   937 | D        | Reached skill level 1 in Evocations
   986 | D        | Reached *** piety under Trog
   987 | D        | Reached XP level 6. HP: 56/56 MP: 6/6
   989 | D        | Reached skill level 11 in Polearms
  1026 | D        | Found Fyocack's General Store.
  1026 | D        | Found Udghuniad's Magic Scroll Emporium.
  1035 | D        | Noticed a burning bush
  1035 | D        | Noticed a wandering mushroom
  1036 | D        | Noticed a wandering mushroom
  1067 | D        | Killed a wandering mushroom
  1068 | D        | Reached skill level 12 in Polearms
  1068 | D        | Reached XP level 7. HP: 64/64 MP: 7/7
  1187 | D        | Killed a wandering mushroom
  1187 | D        | Reached **** piety under Trog
  1188 | D        | Reached skill level 10 in Fighting
  1188 | D        | Reached skill level 14 in Polearms
  1188 | D        | Reached skill level 5 in Stealth
  1201 | D        | Killed a burning bush
  1202 | D        | Reached skill level 15 in Polearms
  1202 | D        | Reached XP level 8. HP: 74/74 MP: 8/8
  1207 | D        | Found Asumahim's Antique Weapon Emporium.
  1207 | D        | Found Bimuvic's Distillery.
  1327 | D        | Noticed a queen bee
  1350 | D        | Killed a queen bee
  1350 | D        | Reached ***** piety under Trog
  1660 | D        | Noticed an oklob plant
  1675 | D        | Killed an oklob plant
  1676 | D        | Reached skill level 16 in Polearms
  1676 | D        | Reached XP level 9. HP: 82/82 MP: 9/9
  1752 | D        | Noticed a burning bush
  1763 | D        | Killed a burning bush
  1763 | D        | Received a gift from Trog
  1764 | D        | Reached skill level 5 in Evocations
  1817 | D        | Noticed a burning bush
  1817 | D        | Noticed an oklob plant
  1821 | D        | Killed a burning bush
  1822 | D        | Reached skill level 10 in Stealth
  1822 | D        | Noticed a wandering mushroom
  1830 | D        | Killed an oklob plant
  1831 | D        | Reached skill level 17 in Polearms
  1833 | D        | Killed a wandering mushroom
  1898 | D        | Noticed a spriggan druid
  1902 | D        | Killed a spriggan druid
  1903 | D        | Reached XP level 10. HP: 91/91 MP: 3/10
  2008 | D        | Noticed an oklob plant conjurer
  2009 | D        | Killed an oklob plant conjurer
  2058 | D        | Noticed an oklob plant
  2058 | D        | Noticed an oklob plant summoner
  2059 | D        | Noticed an oklob plant shifter
  2065 | D        | Killed an oklob plant
  2066 | D        | Reached skill level 18 in Polearms
  2069 | D        | Killed an oklob plant summoner
  2069 | D        | Received a gift from Trog
  2073 | D        | Killed an oklob plant shifter
  2073 | D        | Reached ****** piety under Trog
  2142 | D        | Noticed a demonic crawler
  2149 | D        | HP: 4/92 [demonic crawler (5)]
  2151 | D        | Killed a demonic crawler
  2173 | D        | Noticed a spriggan rider
  2182 | D        | Slain by a spriggan rider

Illustrated notes

Levels and vault maps discovered:
D:        dungeon_sprint_fedhas [sprint_temple]

Skill      XL: |  1  2  3  4  5  6  7  8  9 10 |
---------------+-------------------------------+-----
Fighting       | 4 5 6 7 8 9 10 11 12 13 | 13.6
Polearms       | 5 6 8 9 10 12 15 16 17 18 | 18.4
Dodging        | 3 4 5 6 7 8 9 |  9.0
Armour         | 2 3 |  3.8
Stealth        | 1 2 4 6 8 12 14 | 14.6
Evocations     | 1 2 3 4 6 7 |  7.0

Action                   |  1- 3 |  4- 6 |  7- 9 | 10-12 || total
-------------------------+-------+-------+-------+-------++-------
Melee: Spear             |    21 |    73 |    95 |       ||   189
       Halberd           |       |       |    15 |    30 ||    45
Invok: Berserk           |     2 |     3 |     7 |     1 ||    13
       Brothers in Arms  |       |       |       |     1 ||     1
 Abil: Evoke Invisibilit |       |     2 |     2 |     1 ||     5
  Use: Scroll            |       |       |       |     1 ||     1
       Potion            |       |       |       |     1 ||     1
 Stab: Invisible         |       |     2 |     8 |     2 ||    12
       Sleeping          |       |       |     4 |     2 ||     6
Armor: Animal skin       |     1 |       |     3 |       ||     4
Dodge: Dodged            |     9 |     2 |    38 |    10 ||    59

Table legend: (Time is in decaauts)
 A = Elapsed time spent in this place.
 B = Non-inter-level travel time spent in this place.
 C = Inter-level travel time spent in this place.
 D = Time resting spent in this place.
 E = Time spent auto-exploring this place.
 F = Levels seen in this place.
 G = Mean time per level.
                   A        B        C        D        E       F      G
               +--------+--------+--------+--------+--------+-----+--------+
         Total |   2217 |   2217 |      0 |   1759 |      0 |   1 | 2217.0 |
       Dungeon |   2217 |   2217 |      0 |   1759 |      0 |   1 | 2217.0 |
               +--------+--------+--------+--------+--------+-----+--------+

Top non-repeatable levels by time:
       D: 2217 daAuts
